 Dungeon Crawl Stone Soup version 0.29-a0-393-g47a863cc1b (webtiles) character file.

Game seed: 14752669332669603807

66 Lekart the Skirmisher (level 3, 0/29 HPs)
             Began as a Draconian Chaos Knight on May 9, 2022.
             Was a Plaything of Xom.
             Succumbed to a gnoll's poison
             ... on level 3 of the Dungeon.
             The game lasted 00:02:56 (3206 turns).

Lekart the Skirmisher (Draconian Chaos Knight)      Turns: 3206, Time: 00:02:56

Health: 0/29       AC:  5    Str: 14    XL:     3   Next: 96%
Magic:  3/3        EV: 12    Int: 12    God:    Xom [*.....]
Gold:   71         SH:  0    Dex: 10    Spells: 2/2 levels left

rFire   . . .      SeeInvis .   a - +0 falchion (chaos)
rCold   . . .      Faith    .   (no shield)
rNeg    . . .      Spirit   .   (body armour unavailable)
rPois   .          Reflect  .   (helmet restricted)
rElec   .          Harm     .   (no cloak)
rCorr   .          Rampage  .   (no gloves)
Will    .....                   (no boots)
Stlth   +.........              (no amulet)
HPRegen 0.09/turn               (no ring)
MPRegen 0.08/turn               (no ring)

@: lethally poisoned (0 -> -3)
A: AC +5, unfitting armour, cold-blooded, clumsy 1, frail 1, inability to read
while threatened, noise suppression
a: Renounce Religion


You were on level 3 of the Dungeon.
You worshipped Xom.
You were a special plaything of Xom.
You visited 1 branch of the dungeon, and saw 3 of its levels.

You collected 71 gold pieces.

Inventory:

Hand Weapons
 a - a +0 falchion of chaos (weapon)
Missiles
 h - 2 poisoned darts
Wands
 g - a wand of paralysis (15)
Scrolls
 c - 3 scrolls of identify
 e - a scroll of silence
Miscellaneous
 b - a piece from Xom's chessboard (15/15) (quivered)


   Skills:
 * Level 4.3 Fighting
 + Level 3.8 Long Blades
 + Level 2.5 Dodging


You had 2 spell levels left.
You didn't know any spells.
Your spell library was empty.

Dungeon Overview and Level Annotations

Branches:
Dungeon (3/15)

Altars:


Innate Abilities, Weirdness & Mutations

Your plain brown scales are hard. (AC +5)
You cannot fit into any form of body armour.
You are cold-blooded and may be slowed by cold attacks.
You are clumsy. (Dex -2)
You are frail. (-10% HP)
You sometimes lose the ability to read scrolls when taking damage.
You passively dampen the noise of your surroundings.


Message History

No target in view! "Time to have some fun!"
A bat is nearby!
You slash the bat!
You kill the bat!
The bat's corpse disappears in a puff of smoke!
A gnoll comes into view. It is wielding a +0 flail of venom.
The gnoll shouts!
The gnoll hits you with a +0 flail of venom!
You feel threatened and lose the ability to read scrolls!
You are lethally poisoned!
A gnoll comes into view. It is wielding a +0 halberd.
Things that are here:
a +0 whip; a throwing net; a gnoll corpse
There is a lethal amount of poison in your body!
You are too injured to fight recklessly!
You are too injured to fight recklessly!
There is a lethal amount of poison in your body!
You are too injured to fight recklessly!
The gnoll attacks as you move away! The gnoll barely misses you.
You feel very sick. "The weather's been a little too boring around here."
You aren't carrying any potions.
You cannot read scrolls in your current state!
You aren't carrying any potions.
You cannot read scrolls in your current state!
* * * LOW HITPOINT WARNING * * *
You feel very sick.
* * * LOW HITPOINT WARNING * * *
You feel sick.
* * * LOW HITPOINT WARNING * * *
You feel sick.
* * * LOW HITPOINT WARNING * * *
You feel sick.
You see here 18 stones.
* * * LOW HITPOINT WARNING * * *
You feel sick.
You can read scrolls again.
You die...
Xom laughs nastily!

#### # ..# #. #.#
#.######.##########
#...)..#..........#
#.......#)†...#.#####
#....@..#.###........
#$......#.# #.#.##.###
#....g..#.# #.#.##....
#....g..#.###>........
#...§...#...#.#.......
#....§§§#...#.#.....##
#....§§##.#...........
######§# #.###.....##
#§# #.# .....[.


You could see 2 gnolls.

Vanquished Creatures
  A gnoll (D:3)
  2 worms (D:2)
  A dart slug (D:1)
  4 orcs (D:3)
  6 endoplasms
  3 giant cockroaches
  3 goblins
  4 hobgoblins
  3 kobolds
  6 ball pythons
  3 bats
  5 rats
41 creatures vanquished.

Notes
Turn   | Place    | Note
-------+----------+-------------------------------------------
     0 | D:1      | Lekart the Draconian Chaos Knight began the quest for the
                  | Orb.
     0 | D:1      | Reached XP level 1. HP: 19/19 MP: 1/1
   200 | D:1      | Reached XP level 2. HP: 27/27 MP: 2/2
   639 | D:1      | XOM: silly message
   781 | D:1      | XOM: divination: detect items
   880 | D:1      | XOM: silly message
   935 | D:1      | XOM: silly message
   992 | D:1      | XOM: divination: detect creatures
  1441 | D:2      | Found a faded altar of an unknown god.
  1535 | D:2      | Reached skill level 4 in Fighting
  1863 | D:2      | XOM: give mutations
  1863 | D:2      | Gained mutation: You passively dampen the noise of your
                  | surroundings. [Xom's mischief]
  1863 | D:2      | Gained mutation: You sometimes lose the ability to read
                  | scrolls when taking damage. [Xom's mischief]
  1863 | D:2      | Gained mutation: You are clumsy. (Dex -2) [Xom's mischief]
  1863 | D:2      | Gained mutation: You are frail. (-10% HP) [Xom's mischief]
  1868 | D:2      | Reached XP level 3. HP: 29/29 MP: 3/3
  1992 | D:2      | XOM: summons 1 hostile shadow creature
  3122 | D:3      | XOM: silly message
  3191 | D:3      | XOM: summons 1 hostile shadow creature
  3200 | D:3      | XOM: fog
  3205 | D:3      | HP: 1/29 [poisoned by a gnoll]
  3206 | D:3      | Succumbed to a gnoll's poison

Illustrated notes

Levels and vault maps discovered:
D:1:      amcnicky_arrival_underground_garden, layout_basic
D:2:      cheibrodos_helix_gallery, layout_basic,
          hellmonk_ecumenical_altar_blasted
D:3:      layout_basic, grunt_ministairs_1

Skill      XL: |  1  2 |
---------------+-------+-----
Fighting       | 4 |  4.3
Long Blades    | |  3.8
Dodging        | |  2.5

Action                   || total
-------------------------++-------
Melee: Falchion          ||   128
       Tailslap          ||    11
       Punch             ||     1
  Use: Scroll            ||     3
 Stab: Paralysed         ||     3
Armor: Skin              ||    91
Dodge: Dodged            ||    84

Table legend: (Time is in decaauts)
 A = Elapsed time spent in this place.
 B = Non-inter-level travel time spent in this place.
 C = Inter-level travel time spent in this place.
 D = Time resting spent in this place.
 E = Time spent auto-exploring this place.
 F = Levels seen in this place.
 G = Mean time per level.
                   A        B        C        D        E       F      G
               +--------+--------+--------+--------+--------+-----+--------+
         Total |   3243 |   3114 |    129 |    361 |   2349 |   3 | 1081.0 |
       Dungeon |   3243 |   3114 |    129 |    361 |   2349 |   3 | 1081.0 |
               +--------+--------+--------+--------+--------+-----+--------+

Top non-repeatable levels by time:
     D:2: 1471 daAuts
     D:1: 1341 daAuts
     D:3: 430 daAuts
